 Dungeon Crawl Stone Soup version 0.23-a0-261-g133332c (console) character file.

92 nht the Vandal (level 4, 0/29 HPs)
             Began as an Octopode Hunter on Sept 29, 2018.
             Slain by a fire bat (2 damage)
             ... on level 3 of the Dungeon.
             The game lasted 00:01:52 (1214 turns).

nht the Vandal (Octopode Hunter)                    Turns: 1214, Time: 00:01:53

Health: 0/29       AC:  1    Str: 11    XL:     4   Next: 60%
Magic:  4/4        EV: 13    Int: 13    God:
Gold:   146        SH:  0    Dex: 13    Spells: 3/3 levels left

rFire    . . .     SeeInvis +   a - +1 hunting sling
rCold    . . .     Gourm    .   (no shield)
rNeg     . . .     Faith    .   (helmet restricted)
rPois    .         Spirit   .   (no amulet)
rElec    .         Reflect  .   k - ring of see invisible
rCorr    .         Harm     .   (no ring)
MR       .....                  (no ring)
Stlth    +++.......             (no ring)
HPRegen  0.09/turn              (no ring)
MPRegen  0.09/turn              (no ring)
                                (no ring)
                                (no ring)

@: hasted, very quick
A: almost no armour, stealthy swim, amphibious, 8 rings, constrict 8, camouflage
1, gelatinous body 1
a: no special abilities


You were on level 3 of the Dungeon.
You were not hungry.

You visited 1 branch of the dungeon, and saw 3 of its levels.

You collected 146 gold pieces.

Inventory:

Hand Weapons
 a - a +1 hunting sling (weapon)
 b - a +0 short sword
Missiles
 c - 29 sling bullets (quivered)
 g - 11 poisoned needles
 i - 93 stones
Jewellery
 k - a ring of see invisible (left tentacle)
Wands
 q - a wand of polymorph (9)
Scrolls
 h - 4 scrolls of identify {unknown}
 o - a scroll of teleportation {unknown}
 p - 2 scrolls of remove curse {unknown}
Potions
 e - a potion of curing {unknown}
 j - a potion of invisibility {unknown}
 l - 3 potions of haste
 m - a potion of lignification {unknown}
 n - 2 potions of mutation {unknown}
 r - 2 potions of heal wounds {unknown}
 s - 2 potions of degeneration {unknown}
 t - a potion of brilliance {unknown}
Comestibles
 d - 4 rations
 f - 5 chunks of flesh


   Skills:
 - Level 2.0 Fighting
 + Level 5.9 Slings
 - Level 2.0 Dodging
 - Level 1.3 Stealth


You had 3 spell levels left.
You didn't know any spells.
Your spell library was empty.

Dungeon Overview and Level Annotations

Branches:
Dungeon (3/15)

Altars:


Innate Abilities, Weirdness & Mutations

You cannot wear most types of armour.
You are very stealthy in the water. (Stealth+)
You are amphibious.
You can wear up to eight rings at the same time.
You can use your tentacles to constrict eight enemies at once.
Your skin changes colour to match your surroundings (Stealth+).
Your rubbery body absorbs attacks. (AC +1, EV +1)


Message History

The fire bat is heavily wounded.
The fire bat bites you but does no damage.
Firing (i - inventory. (/) - cycle)
c - 31 sling bullets (quivered)
Press: ? - help, Shift-Dir - straight line, f/p - fire bat
Aim: a fire bat (heavily wounded)
You shoot a sling bullet.
The sling bullet closely misses the fire bat.
The fire bat bites you.
You are engulfed in flames!
Firing (i - inventory. (/) - cycle)
c - 30 sling bullets (quivered)
Press: ? - help, Shift-Dir - straight line, f/p - fire bat
Aim: a fire bat (heavily wounded)
You shoot a sling bullet. The sling bullet hits the fire bat.
The fire bat is heavily wounded.
The fire bat completely misses you. The fire bat bites you.
* * * LOW HITPOINT WARNING * * *
You are engulfed in flames.
* * * LOW HITPOINT WARNING * * *
You are too injured to fight recklessly!
It was a potion of haste.
You feel yourself speed up. The fire bat bites you.
You die...

.. ... ...███ ......
█.....██+██████
█.......b.(....
.......@(.r.(.)
...............
...............
█..............
█..............
..██████..............
██.█...███'███.........
█......█ █.█ ██.....███
█......█ █.█ █÷█......


You could see a fire bat and a quokka.

Vanquished Creatures
  A worker ant (D:2)
  An adder (D:2)
  4 dart slugs
  A leopard gecko (D:2)
  2 bats
  3 giant cockroaches
  7 goblins
  3 hobgoblins (D:1)
  3 jackals (D:1)
  4 quokkas (D:2)
  A ball python (D:3)
  9 kobolds
  8 rats
47 creatures vanquished.

Notes
Turn   | Place    | Note
-------+----------+-------------------------------------------
     0 | D:1      | nht the Octopode Hunter began the quest for the Orb.
     0 | D:1      | Reached XP level 1. HP: 14/14 MP: 1/1
   133 | D:1      | Reached XP level 2. HP: 13/19 MP: 2/2
   310 | D:1      | Reached XP level 3. HP: 24/24 MP: 3/3
   318 | D:1      | Reached skill level 5 in Slings
   841 | D:2      | Reached XP level 4. HP: 29/29 MP: 4/4
  1205 | D:3      | Noticed a centaur
  1207 | D:3      | Noticed a fire bat
  1207 | D:3      | a centaur changed into a fire bat
  1214 | D:3      | Slain by a fire bat

Vault maps used:
D:1:      scummos_arrival_simple_crosswalls
D:2:      supply_closet_lemuel, minmay_liquid_box
D:3:      chequers_ecumenical_altar_simple_redux, first_ration

Skill      XL: |  1  2  3 |
---------------+----------+-----
Slings         | 5 |  5.9
Fighting       | |  2.0
Dodging        | |  2.0
Stealth        | |  1.3

Action                   |  1- 3 |  4- 6 || total
-------------------------+-------+-------++-------
 Fire: Hunting sling     |   103 |    23 ||   126
Evoke: Wand              |       |     1 ||     1
  Use: Potion            |       |     1 ||     1
  Eat: Chunk             |       |     1 ||     1
Armor: Skin              |     1 |     1 ||     2
Dodge: Dodged            |     5 |     4 ||     9

Table legend:
 A = Non-vault XP
 B = Vault XP
 C = Vault XP percentage of total XP
 D = Non-vault monster count
 E = Vault monster count
 F = Vault count percentage of total count
                 A         B        C        D         E       F
            +---------+---------+-------+---------+---------+-------
      Total |     132 |       0 |   0.0 |      47 |       0 |   0.0
            +---------+---------+-------+---------+---------+-------
        D:1 |      51 |       0 |   0.0 |      28 |       0 |   0.0
        D:2 |      78 |       0 |   0.0 |      17 |       0 |   0.0
        D:3 |       3 |       0 |   0.0 |       2 |       0 |   0.0
            +---------+---------+-------+---------+---------+-------
